 Dungeon Crawl Stone Soup version 0.18-a0-1655-ge2d8d33 (webtiles) character file.

56 Etesian the Poker (level 3, -1/28 HPs)
             Began as a Merfolk Skald on Mar 31, 2016.
             Slain by a giant newt (2 damage)
             ... on level 3 of the Dungeon.
             The game lasted 00:04:35 (1705 turns).

Etesian the Poker (Merfolk Skald)                   Turns: 1705, Time: 00:04:36

Health: -1/28      AC:  3    Str: 13    XL:     3   Next: 95%
Magic:  2/6        EV:  7    Int: 11    God:
Gold:   101        SH:  0    Dex: 13    Spells: 3 memorised, 1 level left

rFire  . . .     SeeInvis .     a - +0 spear
rCold  . . .     Gourm    .     b - +0 leather armour
rNeg   . . .     Faith    .     (no shield)
rPois  .         Spirit   .     (no helmet)
rElec  .         Dismiss  .     (no cloak)
rCorr  .         Reflect  .     (no gloves)
SustAt .         Harm     .     (no boots)
MR     .....                    (no amulet)
Stlth  +.........               (no ring)
                                (no ring)

@: very slightly contaminated, not resistant to hostile enchantments, very
unstealthy
A: change form in water, swift swim
a: no special abilities


You were on level 3 of the Dungeon.
You were not hungry.

You visited 1 branch of the dungeon, and saw 3 of its levels.

You collected 101 gold pieces.

Inventory:

Hand Weapons
 a - a +0 spear (weapon)
Armour
 b - a +0 leather armour (worn)
Scrolls
 e - 2 scrolls of remove curse
 f - a scroll of amnesia
 g - 2 scrolls of identify
 j - a scroll of magic mapping
Potions
 k - 2 potions of haste
 m - 2 potions of brilliance
 p - 2 potions of berserk rage
Books
 c - a book of Battle

   Spells                             Type                      Level
   a - Infusion                       Charms                       1
   b - Shroud of Golubria             Charms/Translocation         2
   c - Song of Slaying                Charms                       2
   d - Spectral Weapon                Hexes/Charms                 3
   e - Regeneration                   Charms/Necromancy            3
Comestibles
 d - 4 bread rations
 h - 8 fruits
 n - a royal jelly
 o - a meat ration


   Skills:
 + Level 2.5 Fighting
 * Level 4.3 Polearms
 - Level 0.6 Armour
 + Level 2.4 Dodging
 + Level 2.1 Spellcasting
 + Level 3.8 Charms


You had one spell level left.
You knew the following spells:

 Your Spells              Type           Power        Failure   Level  Hunger
a - Infusion              Chrm           #...         10%         1    ##.....
b - Song of Slaying       Chrm           #.......     14%         2    ###....
c - Shroud of Golubria    Chrm/Tloc      #.........   30%         2    ###....


Dungeon Overview and Level Annotations

Branches:
Dungeon (3/15)

Altars:
Gozag
Xom
Zin


Message History

You hit the orc.
The orc is heavily wounded.
The orc hits you with a mace. The orc hits you but does no damage.
The giant newt misses you.
You closely miss the orc.
The orc is heavily wounded.
The orc misses you. The orc completely misses you. The orc closely misses you.
The giant newt bites you.
You closely miss the orc.
The orc is heavily wounded.
The orc misses you. The orc hits you.
* * * LOW HITPOINT WARNING * * *
The giant newt bites you but does no damage.
The orc misses you. The orc hits you.
* * * LOW HITPOINT WARNING * * *
The orc hits you.
* * * LOW HITPOINT WARNING * * *
The giant newt bites you.
You die...

#..$ #:..
...#####
>.....#
#.....#
#.....#
#.ol..#
#oo@o.#
#.......)#
#..####+###
.


You could see an orc priest, 3 orcs and a giant newt.

Vanquished Creatures
  2 adders (D:2)
  An ooze (D:2)
  2 worms (D:2)
  3 dart slugs
  A giant cockroach (D:1)
  2 goblins (D:1)
  4 hobgoblins (D:1)
  A bat (D:2)
  4 giant newts
  A kobold (D:1)
  4 rats
25 creatures vanquished.

Notes
Turn   | Place    | Note
--------------------------------------------------------------
     0 | D:1      | Etesian the Merfolk Skald began the quest for the Orb.
     0 | D:1      | Reached XP level 1. HP: 16/16 MP: 3/3
   246 | D:1      | Reached XP level 2. HP: 17/23 MP: 5/5
   872 | D:2      | Reached XP level 3. HP: 21/28 MP: 1/6
   965 | D:2      | Learned a level 2 spell: Song of Slaying
   968 | D:2      | Learned a level 2 spell: Shroud of Golubria
  1005 | D:2      | Reached skill level 4 in Polearms
  1385 | D:2      | Found a shimmering altar of Xom.
  1387 | D:2      | Found an opulent altar of Gozag.
  1390 | D:2      | Found a glowing silver altar of Zin.
  1490 | D:2      | Found an opulent altar of Gozag.
  1705 | D:3      | HP: 1/28 [orc (4)]
  1705 | D:3      | Slain by a giant newt

Vault maps used:
D:1:      saegor_arrival_miasma
D:2:      grunt_temple_overflow_diamond, first_bread, grunt_gozag_statues
D:3:      wad_pebble_path, nrook_loot_triangle, hangedman_decor_growths

Skill      XL: |  1  2  3 |
---------------+----------+-----
Dodging        | 2 |  2.4
Polearms       | 4 |  4.3
Fighting       | |  2.5
Armour         | |  0.6
Spellcasting   | |  2.1
Charms         | |  3.8

Action                   || total
-------------------------++-------
Melee: Spear             ||    97
 Cast: Infusion          ||     5
       Shroud of Golubri ||     1
  Use: Scroll            ||     7
 Stab: Sleeping          ||     1
  Eat: Chunk             ||     3
